 Dungeon Sprint DCSS version 0.21-a0-331-gfb491b4 (webtiles) character file.

40492 minicreteconcrete the Fighter (level 14, -10/181 HPs)
             Began as a Gnoll Fighter on Oct 2, 2017.
             Was the Champion of Okawaru.
             Killed by drain life
             ... invoked by a deathcap
             ... summoned by a curse toe
              (13 damage)
             ... in the Dungeon (Sprint VII: "The Pits").
             The game lasted 00:24:42 (4922 turns).

minicreteconcrete the Fighter (Gnoll Fighter)       Turns: 4922, Time: 00:24:43

Health: -10/181    AC: 51    Str: 25      XL:     14   Next: 11%
Magic:  3/31       EV: 17    Int: 15 (17) God:    Okawaru [******]
Gold:   15         SH: 17    Dex: 19 (20) Spells: 40/40 levels left

rFire    . . .     SeeInvis .   a - +2 broad axe (chop)
rCold    . . .     Gourm    .   c - +0 shield
rNeg     . . .     Faith    .   J - +11 crystal plate armour "Jecaw" {*Contam Int+5}
rPois    .         Spirit   .   G - +0 helmet
rElec    .         Reflect  .   U - +1 cloak
rCorr    .         Harm     .   T - +1 pair of gloves
MR       +....     NoTele   +   V - +1 pair of boots {Fly}
Stlth    ..........             (no amulet)
HPRegen  0.40/turn              z - +3 ring of protection
MPRegen  0.22/turn              B - +3 ring of dexterity

@: berserking, heroism, flying, very quick
A: distributed training, fangs 1, strong nose
a: Heroism, Finesse, Renounce Religion, Stop Flying


You were in the Dungeon.
You worshipped Okawaru.
Okawaru was exalted by your worship.
You were not hungry.

You visited 1 branch You collected 15 gold pieces.

Inventory:

Hand Weapons
 a - a +2 broad axe of chopping (weapon)
 l - a +1 battleaxe of venom
 x - a +2 trident
 y - a +1 scimitar of flaming
 D - a +2 halberd of chopping
 E - a +2 morningstar of draining
 F - a +1 trident of piercing
 I - a +2 war axe of flaming
 S - the +8 falchion of Vanity {protect, rPois}
   (You found it in the Dungeon)

   It protects the one who uses it against injury (+AC on strike).
   It protects you from poison.
Missiles
 n - 63 stones (quivered)
Armour
 c - a +0 shield (worn)
 o - a +0 scale mail
 v - a +3 scale mail
 w - a +3 chain mail
 G - a +0 helmet (worn)
 H - a +0 pair of boots
 J - the +11 crystal plate armour "Jecaw" (worn) {*Contam Int+5}
   (Okawaru gifted it to you in the Dungeon)

   It affects your intelligence (+5).
   It causes magical contamination when unequipped.
 T - a +1 pair of gloves (worn)
 U - a +1 cloak (worn)
 V - a +1 pair of boots of flying (worn)
Magical Staves
 b - an uncursed staff of energy
Jewellery
 z - a +3 ring of protection (left hand)
 B - a +3 ring of dexterity (right hand)
 N - an uncursed ring of protection from cold
 R - an uncursed ring of wizardry
Wands
 O - a wand of acid (6/15)
Scrolls
 k - 3 scrolls of blinking
 p - 4 scrolls of remove curse
 q - 5 scrolls of amnesia
 r - a scroll of summoning
 s - 2 scrolls of vulnerability
 K - 4 scrolls of enchant armour
 L - 2 scrolls of recharging
 M - a scroll of fear
Potions
 d - a potion of might
 e - 5 potions of curing
 g - 2 potions of heal wounds
 h - 5 potions of haste
 i - 4 potions of magic
 j - 3 potions of berserk rage
 m - 2 potions of invisibility
 A - 2 potions of agility
 C - a potion of brilliance
Miscellaneous
 P - a lightning rod (4/4)
Comestibles
 f - 5 bread rations
 t - 40 fruits
 u - 8 meat rations
 Q - 6 chunks of flesh


   Skills:
 + Level 14.8(19.8) Fighting
 + Level 13.7(18.7) Short Blades
 + Level 13.7(18.7) Long Blades
 + Level 13.7(18.7) Axes
 + Level 13.7(18.7) Maces & Flails
 + Level 14.3(19.3) Polearms
 + Level 13.7(18.7) Staves
 + Level 13.7(18.7) Slings
 + Level 13.7(18.7) Bows
 + Level 13.7(18.7) Crossbows
 + Level 13.7(18.7) Throwing
 + Level 14.8(19.8) Armour
 + Level 13.7(18.7) Dodging
 + Level 13.7(18.7) Stealth
   Level 0.0 Stabbing
 + Level 14.8(19.8) Shields
   Level 0.0 Traps
 + Level 13.7(18.7) Unarmed Combat
 + Level 13.7 Spellcasting
 + Level 13.7 Conjurations
 + Level 13.7 Hexes
 + Level 13.7 Charms
 + Level 13.7 Summonings
 + Level 13.7 Necromancy
 + Level 13.7 Translocations
 + Level 13.7 Transmutations
 + Level 13.7 Fire Magic
 + Level 13.7 Ice Magic
 + Level 13.7 Air Magic
 + Level 13.7 Earth Magic
 + Level 13.7 Poison Magic
 + Level 13.7 Invocations
 + Level 13.7 Evocations


You had 40 spell levels left.
You didn't know any spells.

Dungeon Overview and Level Annotations

Branches:
Dungeon (1/1)

Altars:
Ashenzari
Cheibriados
Dithmenos
Elyvilon
Fedhas
Gozag
Hepliaklqana
Kikubaaqudgha
Makhleb
Nemelex Xobeh
Okawaru
Qazlal
Ru
Sif Muna
Trog
Uskayaw
Vehumet
Wu Jian
Xom
Yredelemnul
Zin
The Shining One
Beogh
Jiyva
Lugonu


Innate Abilities, Weirdness & Mutations

Your experience applies equally to all skills.
You have very sharp teeth.
Your uncanny sense of smell can sniff out nearby items.


Message History

The curse toe gestures.
The deathcap draws from the surrounding life force!
* * * LOW HITPOINT WARNING * * *
The wandering mushroom releases spores at you but does no damage.
You block the wandering mushroom's attack.
Unknown command.
A red film seems to cover your vision as you go berserk!
Your finesse ends abruptly.
You feel yourself moving faster!
You feel mighty! Something hits you but does no damage.
You block something's attack.
Something stings you but does no damage.
The curse toe calls on the powers of darkness!
Your body is wracked with pain!
* * * LOW HITPOINT WARNING * * *
The curse toe gestures.
You block something's attack. Something hits you!
* * * LOW HITPOINT WARNING * * *
You feel clumsy.
Something stings you but does no damage.
The deathcap draws from the surrounding life force!
You die...

+..........# +..........#
#..#....#..# #..........+
#..........+ ###ff####''#
###ff####''#########
#f.ffff##......)....
#.#@##f##.)...(.....
#.#zzf.##..######### #
f4R#.##..#)))#)#(# .#4%'
##..#)#)#)#(#
#++###########.+=)#. #)(#)))#<#(#
........##..## ##+#.##..##.##)#(#
.#......##..# ##.(#)))#'#'#
........')..# #).#)#)#...#
.)).....)'((##########()#.))#..†)


You could see 2 curse toes, a rakshasa, 4 deathcaps, 7 wandering mushrooms and 2
ice devils.

Vanquished Creatures
  A deep elf blademaster (D)
  A death cob (D)
  Frances (D)
  A nagaraja (D)
  An orc warlord (D)
  An emperor scorpion (D)
  An angel (D)
  2 yaktaur captains (D)
  2 hydras (D)
  5 naga warriors (D)
  A vault guard (D)
  Erica (D)
  A two-headed ogre (D)
  A death yak (D)
  A deep elf knight (D)
  A sea snake (D)
  A spriggan druid (D)
  2 unseen horrors (D)
  A phantasmal warrior (D)
  A wolf spider (D)
  14 orc knights (D)
  2 deep elf magi (D)
  An orc sorcerer (D)
  A manticore (D)
  2 elephants (D)
  A guardian serpent (D)
  A salamander (D)
  A black mamba (D)
  2 kobold demonologists (D)
  3 yaktaurs (D)
  An ice devil (D)
  A demonic crawler (D)
  A polar bear (D)
  2 wind drakes (D)
  A flying skull (D)
  A ynoxinul (D)
  3 redbacks (D)
  2 tarantellas (D)
  A shadow (D)
  11 yaks (D)
  A wandering mushroom (D)
  2 steam dragons (D)
  8 vampire mosquitoes (D)
  A warg (D)
  3 nagas (D)
  Duvessa (D)
  A floating eye (D)
  4 orc warriors (D)
  An eye of draining (D)
  2 phantoms (D)
  A black bear (D)
  2 centaurs (D)
  5 big kobolds (D)
  A bullfrog (D)
  2 gnoll sergeants (D)
  A scorpion (D)
  Dowan (D)
  5 wights (D)
  2 jellies (D)
  A hound (D)
  2 orc wizards (D)
  A gnoll shaman (D)
  Ijyb (D)
  A worker ant (D)
  13 gnolls (D)
  An adder (D)
  A river rat (D)
  A white imp (D)
  2 oozes (D)
  An adder skeleton (D)
  4 orcs (D)
  2 bats (D)
  A bat skeleton (D)
  A giant cockroach (D)
  A frilled lizard (D)
  A jackal zombie (D)
  8 kobolds (D)
  A rat (D)
167 creatures vanquished.

Notes
Turn   | Place    | Note
-------+----------+-------------------------------------------
     0 | D        | minicreteconcrete the Gnoll Fighter began the quest for the Orb.
     0 | D        | Reached XP level 1. HP: 23/23 MP: 1/1
    42 | D        | Found a bloodstained altar of Trog.
    42 | D        | Found a deep blue altar of Sif Muna.
    42 | D        | Found a viscous altar of Jiyva.
    42 | D        | Found a hazy altar of Hepliaklqana.
    42 | D        | Found an opulent altar of Gozag.
    43 | D        | Found a glowing golden altar of the Shining One.
    43 | D        | Found a glowing silver altar of Zin.
    43 | D        | Found a basalt altar of Yredelemnul.
    43 | D        | Found a shimmering altar of Xom.
    43 | D        | Found an ornate altar of the Wu Jian Council.
    43 | D        | Found a sacrificial altar of Ru.
    43 | D        | Found a stormy altar of Qazlal.
    43 | D        | Found an iron altar of Okawaru.
    43 | D        | Found a sparkling altar of Nemelex Xobeh.
    43 | D        | Found a burning altar of Makhleb.
    43 | D        | Found a blossoming altar of Fedhas.
    43 | D        | Found a white marble altar of Elyvilon.
    43 | D        | Found a shadowy altar of Dithmenos.
    43 | D        | Found a snail-covered altar of Cheibriados.
    44 | D        | Found a radiant altar of Vehumet.
    44 | D        | Found a corrupted altar of Lugonu.
    44 | D        | Found a roughly hewn altar of Beogh.
    45 | D        | Found an ancient bone altar of Kikubaaqudgha.
    45 | D        | Found a hide-covered altar of Uskayaw.
    45 | D        | Found a shattered altar of Ashenzari.
    49 | D        | Became a worshipper of Warmaster Okawaru
    61 | D        | Reached skill level 1 in Short Blades
    61 | D        | Reached skill level 1 in Long Blades
    61 | D        | Reached skill level 1 in Axes
    61 | D        | Reached skill level 1 in Maces & Flails
    61 | D        | Reached skill level 1 in Staves
    61 | D        | Reached skill level 1 in Slings
    61 | D        | Reached skill level 1 in Bows
    61 | D        | Reached skill level 1 in Crossbows
    61 | D        | Reached skill level 1 in Throwing
    61 | D        | Reached skill level 1 in Dodging
    61 | D        | Reached skill level 1 in Stealth
    61 | D        | Reached skill level 1 in Unarmed Combat
    61 | D        | Reached skill level 1 in Spellcasting
    61 | D        | Reached skill level 1 in Conjurations
    61 | D        | Reached skill level 1 in Hexes
    61 | D        | Reached skill level 1 in Charms
    61 | D        | Reached skill level 1 in Summonings
    61 | D        | Reached skill level 1 in Necromancy
    61 | D        | Reached skill level 1 in Translocations
    61 | D        | Reached skill level 1 in Transmutations
    61 | D        | Reached skill level 1 in Fire Magic
    61 | D        | Reached skill level 1 in Ice Magic
    61 | D        | Reached skill level 1 in Air Magic
    61 | D        | Reached skill level 1 in Earth Magic
    61 | D        | Reached skill level 1 in Poison Magic
    61 | D        | Reached skill level 1 in Invocations
    61 | D        | Reached skill level 1 in Evocations
    61 | D        | Reached XP level 2. HP: 29/29 MP: 3/3
    87 | D        | Reached skill level 5 in Polearms
    87 | D        | Reached XP level 3. HP: 35/35 MP: 4/6
    88 | D        | Noticed a floating eye
   112 | D        | Reached XP level 4. HP: 37/43 MP: 7/7
   122 | D        | Paralysed by a floating eye for 2 turns
   124 | D        | Killed a floating eye
   124 | D        | Reached * piety under Okawaru
   124 | D        | Reached XP level 5. HP: 44/48 MP: 7/10
   233 | D        | Noticed Ijyb
   239 | D        | Noticed a centaur
   240 | D        | Noticed a black bear
   240 | D        | Reached XP level 6. HP: 54/56 MP: 8/12
   252 | D        | Killed Ijyb
   261 | D        | Killed a black bear
   261 | D        | Reached ** piety under Okawaru
   261 | D        | Reached skill level 5 in Short Blades
   261 | D        | Reached skill level 5 in Long Blades
   261 | D        | Reached skill level 5 in Axes
   261 | D        | Reached skill level 5 in Maces & Flails
   261 | D        | Reached skill level 5 in Staves
   261 | D        | Reached skill level 5 in Slings
   261 | D        | Reached skill level 5 in Bows
   261 | D        | Reached skill level 5 in Crossbows
   261 | D        | Reached skill level 5 in Throwing
   261 | D        | Reached skill level 5 in Dodging
   261 | D        | Reached skill level 5 in Stealth
   261 | D        | Reached skill level 5 in Unarmed Combat
   261 | D        | Reached skill level 5 in Spellcasting
   261 | D        | Reached skill level 5 in Conjurations
   261 | D        | Reached skill level 5 in Hexes
   261 | D        | Reached skill level 5 in Charms
   261 | D        | Reached skill level 5 in Summonings
   261 | D        | Reached skill level 5 in Necromancy
   261 | D        | Reached skill level 5 in Translocations
   261 | D        | Reached skill level 5 in Transmutations
   261 | D        | Reached skill level 5 in Fire Magic
   261 | D        | Reached skill level 5 in Ice Magic
   261 | D        | Reached skill level 5 in Air Magic
   261 | D        | Reached skill level 5 in Earth Magic
   261 | D        | Reached skill level 5 in Poison Magic
   261 | D        | Reached skill level 5 in Invocations
   261 | D        | Reached skill level 5 in Evocations
   261 | D        | Reached XP level 7. HP: 63/63 MP: 10/14
   276 | D        | Noticed an elephant
   295 | D        | Killed an elephant
   300 | D        | Noticed a flying skull
   303 | D        | Reached *** piety under Okawaru
   320 | D        | Killed a flying skull
   320 | D        | Reached XP level 8. HP: 58/71 MP: 15/17
   380 | D        | Noticed Duvessa
   380 | D        | Noticed Dowan
   380 | D        | Noticed Erica
   399 | D        | Killed Dowan
   442 | D        | Killed Duvessa
   458 | D        | Noticed a wolf spider
   481 | D        | Killed a wolf spider
   481 | D        | Reached **** piety under Okawaru
   481 | D        | Reached XP level 9. HP: 42/77 MP: 17/19
   493 | D        | Killed Erica
   493 | D        | Reached skill level 10 in Fighting
   493 | D        | Reached skill level 10 in Armour
   493 | D        | Reached skill level 10 in Shields
   617 | D        | Noticed a deep elf mage
   647 | D        | Reached ***** piety under Okawaru
   811 | D        | Killed a deep elf mage
   811 | D        | Received a gift from Okawaru
   811 | D        | Reached XP level 10. HP: 86/86 MP: 22/22
  1106 | D        | Noticed a kobold demonologist
  1107 | D        | Noticed an elephant
  1133 | D        | Noticed an orange demon
  1133 | D        | Killed a kobold demonologist
  1155 | D        | Killed an unseen horror
  1155 | D        | Reached skill level 10 in Polearms
  1165 | D        | Killed an elephant
  1414 | D        | Noticed a phantasmal warrior
  1424 | D        | Killed a phantasmal warrior
  1600 | D        | Killed an unseen horror
  1600 | D        | Reached XP level 11. HP: 82/93 MP: 22/24
  1644 | D        | Noticed an orc knight
  1661 | D        | Received a gift from Okawaru
  1671 | D        | Killed an orc knight
  1680 | D        | Got a warped crystal plate armour {god gift}
  1691 | D        | Identified the +11 crystal plate armour "Jecaw" {*Contam Int+5} (Okawaru gifted it to you in the Dungeon)
  1794 | D        | Noticed a naga warrior
  1794 | D        | Noticed a salamander
  1822 | D        | Killed a salamander
  1828 | D        | Noticed an orc knight
  1845 | D        | Killed a naga warrior
  1845 | D        | Reached skill level 10 in Short Blades
  1845 | D        | Reached skill level 10 in Long Blades
  1845 | D        | Reached skill level 10 in Axes
  1845 | D        | Reached skill level 10 in Maces & Flails
  1845 | D        | Reached skill level 10 in Staves
  1845 | D        | Reached skill level 10 in Slings
  1845 | D        | Reached skill level 10 in Bows
  1845 | D        | Reached skill level 10 in Crossbows
  1845 | D        | Reached skill level 10 in Throwing
  1845 | D        | Reached skill level 10 in Dodging
  1845 | D        | Reached skill level 10 in Stealth
  1845 | D        | Reached skill level 10 in Unarmed Combat
  1845 | D        | Reached skill level 10 in Spellcasting
  1845 | D        | Reached skill level 10 in Conjurations
  1845 | D        | Reached skill level 10 in Hexes
  1845 | D        | Reached skill level 10 in Charms
  1845 | D        | Reached skill level 10 in Summonings
  1845 | D        | Reached skill level 10 in Necromancy
  1845 | D        | Reached skill level 10 in Translocations
  1845 | D        | Reached skill level 10 in Transmutations
  1845 | D        | Reached skill level 10 in Fire Magic
  1845 | D        | Reached skill level 10 in Ice Magic
  1845 | D        | Reached skill level 10 in Air Magic
  1845 | D        | Reached skill level 10 in Earth Magic
  1845 | D        | Reached skill level 10 in Poison Magic
  1845 | D        | Reached skill level 10 in Invocations
  1845 | D        | Reached skill level 10 in Evocations
  1861 | D        | Killed an orc knight
  1964 | D        | Noticed an emperor scorpion
  1964 | D        | Noticed an orc sorcerer
  1965 | D        | Noticed a manticore
  1991 | D        | Killed an orc sorcerer
  2013 | D        | Killed an emperor scorpion
  2041 | D        | Noticed a deep elf mage
  2065 | D        | Killed a deep elf mage
  2066 | D        | Killed a manticore
  2066 | D        | Reached XP level 12. HP: 39/103 MP: 24/26
  2449 | D        | Noticed a death yak
  2463 | D        | Killed a death yak
  2463 | D        | Received a gift from Okawaru
  2614 | D        | Reached ****** piety under Okawaru
  2747 | D        | Noticed Frances
  2770 | D        | Killed Frances
  2770 | D        | Received a gift from Okawaru
  2784 | D        | Noticed a naga warrior
  2785 | D        | Noticed an orc warlord
  2785 | D        | Noticed an orc warlord
  2787 | D        | Noticed a yaktaur captain
  2915 | D        | Received a gift from Okawaru
  2916 | D        | Identified the +2 plate armour of Nugemiha {rPois} (Okawaru gifted it to you in the Dungeon)
  3170 | D        | Killed a naga warrior
  3536 | D        | Noticed a nagaraja
  3581 | D        | Killed a nagaraja
  3918 | D        | Noticed a naga warrior
  3930 | D        | Killed a naga warrior
  3930 | D        | Reached XP level 13. HP: 94/111 MP: 29/29
  4142 | D        | Noticed a yaktaur captain
  4152 | D        | Killed a yaktaur captain
  4204 | D        | Noticed a death cob
  4216 | D        | Killed a death cob
  4231 | D        | Received a gift from Okawaru
  4232 | D        | Killed a yaktaur captain
  4259 | D        | Killed an orc warlord
  4259 | D        | Received a gift from Okawaru
  4259 | D        | Received a gift from Okawaru
  4524 | D        | Noticed an angel
  4555 | D        | Killed an angel
  4652 | D        | Received a gift from Okawaru
  4665 | D        | Got the +8 falchion of Vanity {protect, rPois}
  4714 | D        | Found the +4 moon troll leather armour {Spirit, Regen++ MP+5}
  4715 | D        | Noticed a vault guard
  4721 | D        | Killed a vault guard
  4871 | D        | Noticed a rakshasa
  4871 | D        | Noticed a curse toe
  4872 | D        | Found the ring of Shadows {Umbra +Inv Stlth+}
  4873 | D        | Noticed a deep elf blademaster
  4890 | D        | Killed a deep elf blademaster
  4890 | D        | Reached XP level 14. HP: 62/121 MP: 25/31
  4905 | D        | Received a gift from Okawaru
  4919 | D        | HP: 2/121 [deathcap/drain life[a curse toe] (14)]
  4922 | D        | Killed from afar by a deathcap

Vault maps used:
D:        pitsprint

Skill      XL: |  1  2  3  4  5  6  7  8  9 10 11 12 13 |
---------------+----------------------------------------+-----
Short Blades   | 1 2 3 4 5 6 8 9 10 12 13 | 13.7
Long Blades    | 1 2 3 4 5 6 8 9 10 12 13 | 13.7
Axes           | 1 2 3 4 5 6 8 9 10 12 13 | 13.7
Maces & Flails | 1 2 3 4 5 6 8 9 10 12 13 | 13.7
Staves         | 1 2 3 4 5 6 8 9 10 12 13 | 13.7
Slings         | 1 2 3 4 5 6 8 9 10 12 13 | 13.7
Bows           | 1 2 3 4 5 6 8 9 10 12 13 | 13.7
Crossbows      | 1 2 3 4 5 6 8 9 10 12 13 | 13.7
Throwing       | 1 2 3 4 5 6 8 9 10 12 13 | 13.7
Dodging        | 1 2 3 4 5 6 8 9 10 12 13 | 13.7
Stealth        | 1 2 3 4 5 6 8 9 10 12 13 | 13.7
Unarmed Combat | 1 2 3 4 5 6 8 9 10 12 13 | 13.7
Spellcasting   | 1 2 3 4 5 6 8 9 10 12 13 | 13.7
Conjurations   | 1 2 3 4 5 6 8 9 10 12 13 | 13.7
Hexes          | 1 2 3 4 5 6 8 9 10 12 13 | 13.7
Charms         | 1 2 3 4 5 6 8 9 10 12 13 | 13.7
Summonings     | 1 2 3 4 5 6 8 9 10 12 13 | 13.7
Necromancy     | 1 2 3 4 5 6 8 9 10 12 13 | 13.7
Translocations | 1 2 3 4 5 6 8 9 10 12 13 | 13.7
Transmutations | 1 2 3 4 5 6 8 9 10 12 13 | 13.7
Fire Magic     | 1 2 3 4 5 6 8 9 10 12 13 | 13.7
Ice Magic      | 1 2 3 4 5 6 8 9 10 12 13 | 13.7
Air Magic      | 1 2 3 4 5 6 8 9 10 12 13 | 13.7
Earth Magic    | 1 2 3 4 5 6 8 9 10 12 13 | 13.7
Poison Magic   | 1 2 3 4 5 6 8 9 10 12 13 | 13.7
Invocations    | 1 2 3 4 5 6 8 9 10 12 13 | 13.7
Evocations     | 1 2 3 4 5 6 8 9 10 12 13 | 13.7
Polearms       | 5 6 7 8 9 10 11 12 14 | 14.3
Fighting       | 7 8 9 10 11 12 13 14 | 14.8
Armour         | 7 8 9 10 11 12 13 14 | 14.8
Shields        | 7 8 9 10 11 12 13 14 | 14.8

Action                   |  1- 3 |  4- 6 |  7- 9 | 10-12 | 13-15 || total
-------------------------+-------+-------+-------+-------+-------++-------
Melee: Trident           |    31 |    37 |   121 |       |       ||   189
       Bite              |     3 |     7 |    21 |    71 |    36 ||   138
       Scimitar          |       |       |       |    90 |     6 ||    96
       War axe           |       |       |       |   104 |     5 ||   109
       Broad axe         |       |       |       |   268 |   244 ||   512
Throw: Stone             |       |       |       |     1 |       ||     1
Invok: Heroism           |       |     1 |     5 |    12 |     6 ||    24
       Finesse           |       |       |       |     4 |     3 ||     7
  Use: Potion            |       |       |     5 |     5 |    12 ||    22
       Scroll            |       |       |       |     1 |       ||     1
 Stab: Sleeping          |       |       |       |     1 |       ||     1
  Eat: Bread ration      |       |       |       |     2 |     1 ||     3
       Chunk             |       |       |       |     2 |       ||     2
Armor: Scale mail        |     7 |     5 |    26 |    58 |       ||    96
       Crystal plate arm |       |       |       |   172 |    93 ||   265
Dodge: Dodged            |     9 |     7 |    38 |   174 |    51 ||   279
Block: Shield            |    19 |    14 |    66 |   354 |   147 ||   600
       Rpst.: Scimitar   |       |       |       |     6 |     1 ||     7

Table legend:
 A = Spawn XP
 B = Non-spawn XP
 C = Spawn XP percentage of total XP
 D = Spawn monster count
 E = Non-spawn monster count
 F = Spawn count percentage of total count
 G = Total turns spent on level
                    A         B        C        D         E        F      G
               +---------+---------+-------+---------+---------+-------+---------
         Total |       0 |   57847 |   0.0 |       0 |     167 |   0.0 |  4922
               +---------+---------+-------+---------+---------+-------+---------
             D |       0 |   57847 |   0.0 |       0 |     167 |   0.0 |  4922
               +---------+---------+-------+---------+---------+-------+---------
